 Dungeon Crawl Stone Soup version 0.30-a0-696-g2367cd04db (webtiles) character file.

Game seed: 15510441003798502142

3197 funkygono the Thaumaturge (level 9, -3/59 HPs)
             Began as a Demonspawn Fire Elementalist on Jan 20, 2023.
             Was a Follower of Vehumet.
             Slain by a two-headed ogre
             ... wielding a +0 giant club
              (15 damage)
             ... on level 8 of the Dungeon.
             The game lasted 00:14:20 (7941 turns).

funkygono the Thaumaturge (DsFE)                    Turns: 7941, Time: 00:14:20

Health: -3/59      AC:  4    Str: 10    XL:     9   Next: 64%
Magic:  18/21      EV: 14    Int: 20    God:    Vehumet [*.....]
Gold:   506        SH:  0    Dex: 13    Spells: 15/25 levels left

rFire   . . .      SeeInvis .    q - +6 flail of the Ancient Stories {freeze, rC+}
rCold   + + .      Faith    .    (no shield)
rNeg    . . .      Spirit   .    a - +0 robe
rPois   .          Reflect  .    (helmet restricted)
rElec   .          Harm     .    (no cloak)
rCorr   .          Rampage  .    o - +1 pair of gloves
Will    .....                    (no boots)
Stlth   ++                       k - amulet "Esiwiqud" {+Inv Regen+}
HPRegen 1.09/turn                b - ring of protection from cold
MPRegen 0.34/turn                (no ring)

@: no status effects
A: antennae 2, repulsion field 1, ignite blood 1, magic regeneration
a: Renounce Religion, Evoke Invisibility


You were on level 8 of the Dungeon.
You worshipped Vehumet.
Vehumet was aware of your devotion.
You visited 2 branches of the dungeon, and saw 9 of its levels.

You collected 506 gold pieces.

Inventory:

Hand Weapons
 d - a +0 whip
 q - the +6 flail of the Ancient Stories (weapon) {freeze, rC+}
   (You found it on level 6 of the Dungeon)

   rC:        It protects you from cold.
 t - a +7 whip
 u - a +2 dagger of venom
 v - a +2 dagger of draining
 C - a +1 flail
Missiles
 s - a throwing net
Armour
 a - a +0 robe (worn)
 o - a +1 pair of gloves (worn)
Jewellery
 b - a ring of protection from cold (left hand)
 c - an amulet of the acrobat
 k - the amulet "Esiwiqud" (around neck) {+Inv Regen+}
   (You found it on level 2 of the Dungeon)

   [amulet of regeneration]

   +Inv:      It lets you turn invisible.
   Regen:     It increases your rate of health regeneration.
 r - an amulet of faith
 x - an amulet of guardian spirit
 y - an amulet of regeneration
Wands
 E - a wand of flame (22)
Scrolls
 e - a scroll of fog
 f - 2 scrolls of enchant armour
 g - 2 scrolls of immolation
 h - 2 scrolls of fear
 j - 4 scrolls of teleportation
Potions
 i - 2 potions of invisibility
 l - a potion of might
 n - 2 potions of berserk rage
 p - a potion of haste
 w - a potion of attraction
 z - a potion of curing
 B - 2 potions of heal wounds
 D - a potion of flight {unknown}


   Skills:
 + Level 1.4 Fighting
 + Level 0.3 Maces & Flails
 + Level 2.5 Dodging
 - Level 1.7 Stealth
 + Level 8.6 Spellcasting
 + Level 4.7 Conjurations
 + Level 8.3 Fire Magic


You had 15 spell levels left.
You knew the following spells:

 Your Spells              Type           Power      Damage    Failure   Level
a - Foxfire               Conj/Fire      100%       2x1d9     1%          1
b - Scorch                Fire           84%        2d9       1%          2
c - Kindle Blastsparks    Fire/Tloc/Air  38%        2d13      8%          3
d - Flame Wave            Conj/Fire      34%        2d10      5%          4

Your spell library contained the following spells:

 Spells                   Type           Power      Damage    Failure   Level
 Sandblast                Erth           16%        2d6       9%          1
 Inner Flame              Hex/Fire       25%        N/A       4%          3


Dungeon Overview and Level Annotations

Branches:
Dungeon (8/15)             Temple (1/1) D:5
   Lair: D:8-11

Altars:
Ashenzari
Cheibriados
Dithmenos
Gozag
Hepliaklqana
Kikubaaqudgha
Makhleb
Nemelex Xobeh
Okawaru
Qazlal
Sif Muna
Trog
Uskayaw
Vehumet
Xom
Yredelemnul

Shops:
D:1 ?([

Annotations:
D:8 1 runed translucent door, Leeroy's ghost, novice MfMo


Innate Abilities, Weirdness & Mutations

You have a pair of antennae on your head.
You are surrounded by a mild repulsion field. (EV +2)
Your demonic aura sometimes causes spilled blood to erupt in flames.
You regenerate magic rapidly.


Message History

Found a runed translucent door.
Leeroy's ghost turns its malevolent gaze towards you.
You sense a monster nearby.
Leeroy's ghost says, "I will deal out your death!"
Found a stone staircase leading down.
There is a stone staircase leading down here.
You sense a monster nearby.
A two-headed ogre comes into view. It is wielding two +0 giant clubs.
Casting: Scorch (safe; 1% risk of failure)
Confirm with . or Enter, or press ? or * to list all spells.
You conjure some foxfire!
Casting: Foxfire (safe; 1% risk of failure)
Confirm with . or Enter, or press ? or * to list all spells.
You can't see any susceptible monsters within range! (Use Z to cast anyway.)
Casting: Foxfire (safe; 1% risk of failure)
Confirm with . or Enter, or press ? or * to list all spells.
You conjure some foxfire!
The foxfire hits the two-headed ogre.
The two-headed ogre is lightly wounded.
The foxfire hits the two-headed ogre!
The two-headed ogre is lightly wounded.
Casting: Foxfire (safe; 1% risk of failure)
Confirm with . or Enter, or press ? or * to list all spells.
Flames lash the two-headed ogre.
The two-headed ogre is moderately wounded.
The two-headed ogre's fire resistance burns away.
The foxfire hits the two-headed ogre but does no damage.
The two-headed ogre is moderately wounded.
The foxfire hits the two-headed ogre.
The two-headed ogre is burned terribly!
The two-headed ogre is moderately wounded.
The two-headed ogre hits you with a +0 giant club!!
The two-headed ogre hits you with a +0 giant club!
* * * LOW HITPOINT WARNING * * *
Unknown command.
Casting: Scorch (safe; 1% risk of failure)
Confirm with . or Enter, or press ? or * to list all spells.
You conjure some foxfire!
The two-headed ogre hits you with a +0 giant club.
* * * LOW HITPOINT WARNING * * *
The two-headed ogre hits you with a +0 giant club!
You die...

#.##### #.....# #.###.#
#.# #.# . ######
####.###.# . #....#
#........# .# #....#
#.###.#### .### #....#
#.#.O.# { ...###....#
#..@v.#.#
.<........####..v○........
..........+...>.......####
..........#.....##.#.....
..†...###.#.....##.#####.#
.'######.........#.. . ..#
#....#+#...### ..#
......##W##....
..##......##...##...#


You could see a two-headed ogre (combustible, ally target) and Leeroy's ghost.

Vanquished Creatures
  Sigmund (D:4)
  A steam dragon (D:4)
  An acid dragon (D:7)
  3 water moccasins
  An orc warrior (D:8)
  A sky beast (D:7)
  2 ogres (D:6)
  A black bear (D:6)
  2 phantoms
  2 kobold brigands (D:8)
  The ghost of caveywoolpert the Magician, an amateur DEEE (D:4)
  2 bullfrogs
  4 scorpions
  3 necrophages
  4 wights (D:6)
  A howler monkey (D:5)
  4 hounds
  3 jellies
  2 gnoll boudas
  An orc priest (D:8)
  Jessica (D:2)
  4 iguanas
  Terence (D:3)
  3 orc wizards
  Robin (D:4)
  12 gnolls
  7 adders
  A white imp (D:5)
  A worm (D:2)
  4 dart slugs (D:1)
  14 orcs
  4 ball pythons
  4 bats
  9 endoplasms
  2 giant cockroaches (D:3)
  18 goblins
  13 hobgoblins
  5 jackals (D:4)
  17 kobolds
  6 quokkas
  5 frilled lizards
  6 rats
178 creatures vanquished.

Vanquished Creatures (collateral kills)
  2 foxfires
2 creatures vanquished.

Vanquished Creatures (others)
  631 foxfires
  A plant (D:2)
632 creatures vanquished.

Grand Total: 812 creatures vanquished

Notes
Turn   | Place    | Note
-------+----------+-------------------------------------------
     0 | D:1      | funkygono the Demonspawn Fire Elementalist began the quest
                  | for the Orb.
     0 | D:1      | Reached XP level 1. HP: 13/13 MP: 3/3
   162 | D:1      | Gained mutation: You regenerate magic rapidly. [demonic
                  | ancestry]
   162 | D:1      | Reached XP level 2. HP: 18/19 MP: 0/5
   222 | D:1      | Found Newuoh's Antique Armour Emporium.
   405 | D:1      | Learned a level 2 spell: Scorch
   521 | D:1      | Found Qomaym's Weapon Shop.
   648 | D:1      | Gained mutation: You have a pair of small antennae on your
                  | head. [demonic ancestry]
   648 | D:1      | Reached XP level 3. HP: 19/24 MP: 3/6
   652 | D:1      | Learned a level 3 spell: Kindle Blastsparks
   700 | D:1      | Found Muiwkier's Magic Scroll Shoppe.
  1191 | D:2      | Noticed Jessica
  1194 | D:2      | Killed Jessica
  1195 | D:2      | Reached XP level 4. HP: 30/30 MP: 1/8
  1310 | D:2      | Identified the amulet "Esiwiqud" {+Inv Regen+}
  1539 | D:2      | Found a faded altar of an unknown god.
  1540 | D:2      | Noticed a floating eye
  1542 | D:2      | Noticed a floating eye
  1542 | D:2      | Noticed a golden eye
  1542 | D:2      | Noticed a golden eye
  2043 | D:3      | Noticed Terence
  2063 | D:3      | Killed Terence
  2299 | D:3      | Gained mutation: You have a pair of antennae on your head.
                  | [demonic ancestry]
  2299 | D:3      | Reached XP level 5. HP: 33/35 MP: 5/9
  3085 | D:3      | Learned a level 4 spell: Flame Wave
  3251 | D:4      | Noticed a phantom
  3262 | D:4      | Killed a phantom
  3353 | D:4      | Gained mutation: You are surrounded by a mild repulsion
                  | field. (EV +2) [demonic ancestry]
  3353 | D:4      | Reached XP level 6. HP: 41/41 MP: 6/12
  3698 | D:4      | Noticed Robin
  3733 | D:4      | Killed Robin
  3734 | D:4      | Reached skill level 5 in Fire Magic
  3803 | D:4      | Noticed a steam dragon
  3812 | D:4      | Killed a steam dragon
  3813 | D:4      | Gained mutation: Your demonic aura sometimes causes spilled
                  | blood to erupt in flames. [demonic ancestry]
  3813 | D:4      | Reached XP level 7. HP: 21/47 MP: 4/14
  3854 | D:4      | Noticed Sigmund
  3860 | D:4      | Killed Sigmund
  3861 | D:4      | Reached skill level 5 in Spellcasting
  4073 | D:4      | Found a large runed translucent door.
  4075 | D:4      | Found a large runed translucent door.
  4078 | D:4      | Noticed caveywoolpert's ghost (amateur DEEE)
  4394 | D:4      | Found a shimmering altar of Xom.
  4547 | D:4      | Killed caveywoolpert's ghost
  4607 | D:5      | Entered Level 5 of the Dungeon
  4918 | D:5      | Reached XP level 8. HP: 53/53 MP: 4/16
  5193 | D:5      | Found a staircase to the Ecumenical Temple.
  5207 | Temple   | Entered the Ecumenical Temple
  5287 | Temple   | Became a worshipper of Vehumet
  5502 | D:5      | Found a shadowy altar of Dithmenos.
  5996 | D:6      | Found an iron altar of Okawaru.
  6152 | D:6      | Found a hide-covered altar of Uskayaw.
  6317 | D:6      | Identified the +6 flail of the Ancient Stories {freeze,
                  | rC+}
  6594 | D:6      | Reached XP level 9. HP: 38/58 MP: 1/20
  6979 | D:6      | Reached skill level 1 in Fighting
  7510 | D:7      | Found a shimmering blue altar of Sif Muna.
  7767 | D:8      | Reached * piety under Vehumet
  7767 | D:8      | Offered knowledge of Sandblast by Vehumet.
  7903 | D:8      | Found a runed translucent door.
  7904 | D:8      | Noticed Leeroy's ghost (novice MfMo)
  7935 | D:8      | Noticed a two-headed ogre
  7941 | D:8      | Slain by a two-headed ogre

Illustrated notes

Levels and vault maps discovered:
D:1:      matt_arrival_grand_opening, layout_loops_ring, serial_shops,
          nicolae_lakefront_shop, shop_coins, shop_fountains
D:2:      layout_basic, hellmonk_ecumenical_altar_watching_god,
          eino_tiny_chamber, chequers_big_river, grunt_ministairs_5,
          uniq_jessica
D:3:      layout_basic, lemuel_coloured_pillars_altar, minmay_pentangle,
          uniq_terence
D:4:      nicolae_cairo_tiling, layout_cave_pods, marbit_many_paths,
          ebering_ghost_disaster_area, uniq_sigmund, uniq_robin
D:5:      layout_basic, kennysheep_little_box, minmay_temple_entry_trees,
          minmay_misc_feat_encased, eino_tiny_chamber
D:6:      layout_basic, nicolae_overflow_hidden_temple,
          okawaru_altar_gauntlet_db, amcnicky_mini_rare_corridor_liquid,
          chequers_serial_rivers_micro_a, kennysheep_generic_room_7
D:7:      layout_loops_ring, mainiacjoe_overflow_alcove_4
D:8:      layout_basic, hellmonk_ghost_happy_afterlife, minmay_pinched_square
Temple:   nicolae_temple_godzebo

Skill      XL: |  1  2  3  4  5  6  7  8  9 |
---------------+----------------------------+-----
Fire Magic     | 3 4 5 7 8 |  8.3
Dodging        | 2 |  2.5
Spellcasting   | 3 4 5 7 8 |  8.6
Conjurations   | 2 3 4 |  4.7
Fighting       | 1 |  1.4
Maces & Flails | |  0.3
Stealth        | |  1.7

Action                   |  1- 3 |  4- 6 |  7- 9 || total
-------------------------+-------+-------+-------++-------
Melee: Unarmed           |     5 |       |       ||     5
       Whip              |       |     9 |       ||     9
       Flail             |       |       |     3 ||     3
 Cast: Foxfire           |    65 |   149 |   167 ||   381
       Scorch            |     1 |    19 |    69 ||    89
  Use: Potion            |       |     1 |       ||     1
       Scroll            |       |       |    22 ||    22
Armor: Robe              |       |     6 |     5 ||    11
Dodge: Dodged            |     9 |    29 |    58 ||    96

Table legend: (Time is in decaauts)
 A = Elapsed time spent in this place.
 B = Non-inter-level travel time spent in this place.
 C = Inter-level travel time spent in this place.
 D = Time resting spent in this place.
 E = Time spent auto-exploring this place.
 F = Levels seen in this place.
 G = Mean time per level.
                   A        B        C        D        E       F      G
               +--------+--------+--------+--------+--------+-----+--------+
         Total |   7953 |   7715 |    238 |    122 |   6366 |   9 |  883.7 |
       Dungeon |   7827 |   7612 |    215 |    122 |   6281 |   8 |  978.4 |
        Temple |    125 |    103 |     22 |      0 |     85 |   1 |  125.0 |
               +--------+--------+--------+--------+--------+-----+--------+

Top non-repeatable levels by time:
     D:4: 1496 daAuts
     D:6: 1160 daAuts
     D:3: 1112 daAuts
     D:5: 1101 daAuts
     D:2: 1078 daAuts
     D:1: 927 daAuts
     D:7: 670 daAuts
     D:8: 279 daAuts
  Temple: 125 daAuts
